← All builds
Beach sea / Cortex / Economy first / OBSERVED BUILD

Standard beach sea

Cortex Beach sea build order · Supreme Isthmus

The role's usual play: com goes to sea to build a shipyard around 2 minutes, pumping frigates and destroyers to contest enemy sea entry or hold vision, with an advanced metal extractor around 10 minutes as the transition into the team's…

Usually shipyard first (93%)

#naval #eco · 1603 distinct matches · 207 players · 84% of Cortex Beach sea games · team won 55% of 1807 · Recently observed

HOW TO PLAY IT

Key timing: Shipyard by 1:56

  1. Open 3 mex, then send com to sea to build Shipyard by 1:56.
  2. Add tidal generators, wind and more mex to fund the shipyard.
  3. Pump Riptide first, then Oppressor to contest enemy sea entry.
  4. Get T2 constructor out to start scaling the naval economy.
  5. Transition into Advanced Metal Extractor as the economy phase begins.

Phase by phase

TYPICAL OF ITS 1603 GAMES
  1. 1
  2. 2
  3. 3
PLAY THE OPENING

Follow the example game's first 6:00 step by step: what to build now, what comes next, and where it goes. At 1× it keeps pace with your own game.

  1. 1

    Up to the Shipyard

    Economy
    • Metal Extractor3Mex
    • Wind Turbine3Windfor allies
    • Wind Turbine2Wind
    • Energy Storage1Energy storage
    Order
    1. ShipyardShipyard after 3 mex, 2 wind, 1 energy storagedone ~1:56, middle half 1:43–2:07

    Some games also: Guard (30%)

    By 1:39 in all: 3 mex · 2 wind · 1 energy storage

    The example game in this phase · 9 steps
    1. Mex ×3
    2. Windfor Air
    3. GuardGuard
    4. Windfor Air
    5. Wind ×2
    6. Energy storage
    7. Windfor Air
    8. Wind ×2
    9. ShipyardShipyarddone 2:45 · typical 1:56
  2. 2

    Shipyard to 5:00

    Economy
    • Metal Extractor5Mex
    • Tidal Generator2Tidal
    Builders
    • Construction Ship2 Con ship
    Army
    • Riptide2 Frigate
    • Herring1 Missile corvette
    • Oppressor1 Destroyer
    Other
    • Naval Radar / Sonar Tower1 Naval Radar / Sonar Tower

    Some games also: Urchin (46%) · mex (38%) · wind (37%) · submarine (36%) · wind (36%)

    By 5:00 in all: 8 mex · 3 wind · 2 tidal · 1 energy storage

    The example game in this phase · 20 steps
    1. Tidal
    2. Death CavalryDeath Cavalry
    3. Construction ShipCon ship ×2
    4. Mex
    5. SupporterGunboat
    6. Construction ShipCon ship
    7. SupporterGunboat
    8. Mex
    9. SupporterGunboat ×2
    10. Mex
    11. Construction ShipCon ship
    12. Mex
    13. Construction ShipCon ship
    14. SupporterGunboat ×3
    15. Naval Radar / Sonar TowerNaval Radar / Sonar Tower
    16. Naval Construction Turret
    17. RiptideFrigate ×2done 4:28 · typical 3:50
    18. Con turret
    19. Mex
    20. RiptideFrigate
  3. 3

    5:00 to 10:00

    Economy
    • Metal Extractor1Mex
    • Wind Turbine8Wind
    Builders
    • Construction Ship1 Con ship
    • Death Cavalry1 Death Cavalry
    Army
    • Urchin1 Urchin
    • Riptide5 Frigate
    • Oppressor2 Destroyer
    • Herring2 Missile corvette
    Other
    • Naval Radar / Sonar Tower1 Naval Radar / Sonar Tower

    Some games also: Naval Construction Turret (49%) · Guard (47%) · Radar Tower (40%) · tidal (39%) · wind (34%)

    By 10:00 in all: 9 mex · 10 wind · 4 wind · 4 tidal · 1 energy storage · 1 Naval Construction Turret

    The example game in this phase · 77 steps
    1. Death CavalryDeath Cavalry
    2. BeholderBeholder
    3. OppressorDestroyerdone 6:17 · typical 5:15
    4. Wind ×2
    5. BeholderBeholder
    6. Dragon's MawDragon's Maw
    7. Wind
    8. Mex
    9. HerringMissile corvette
    10. Wind ×4
    11. GuardGuard
    12. Wind
    13. BeholderBeholder ×2
    14. RiptideFrigate ×3
    15. Dragon's MawDragon's Maw
    16. Naval Radar / Sonar TowerNaval Radar / Sonar Tower
    17. Death CavalryDeath Cavalry
    18. OppressorDestroyer
    19. Con turret
    20. Naval Radar / Sonar TowerNaval Radar / Sonar Tower ×2
    21. Naval Construction Turret
    22. Naval Radar / Sonar TowerNaval Radar / Sonar Tower
    23. Wind ×6
    24. Naval Construction Turret
    25. HerringMissile corvette
    26. Wind ×3
    27. RiptideFrigate
    28. Wind
    29. Advanced Metal ExtractorT2 mexdone 11:05
    30. Wind
    31. RiptideFrigate
    32. Wind
    33. RiptideFrigate
    34. Wind
    35. Naval Radar / Sonar TowerNaval Radar / Sonar Tower
    36. Death CavalryDeath Cavalry
    37. Construction ShipCon ship
    38. Wind ×2
    39. Advanced Metal ExtractorT2 mex
    40. Advanced ShipyardAdvanced Shipyarddone 13:15
    41. Wind ×3
    42. Tidal
    43. Wind
    44. Tidal
    45. Wind
    46. Tidal
    47. Advanced Metal ExtractorT2 mex
    48. Wind
    49. Tidal
    50. Wind
    51. Tidal
    52. Converter
    53. Tidal
    54. Converter ×2
    55. PathfinderPathfinder ×2
    56. Tidal
    57. Wind
    58. Advanced Construction SubAdvanced Construction Sub
    59. Wind ×2
    60. Advanced Metal ExtractorT2 mex
    61. Tidal
    62. Wind
    63. PathfinderPathfinder
    64. Wind
    65. PathfinderPathfinder
    66. Tidal
    67. Wind ×2
    68. Mex
    69. Wind
    70. Tidal
    71. Wind ×2
    72. Naval Radar / Sonar TowerNaval Radar / Sonar Tower
    73. OasisOasis
    74. Naval Advanced Metal ExtractorNaval Advanced Metal Extractornot finished by 15:00
    75. Wind
    76. Tidal
    77. Wind

Counts are medians over the build's games: half of them build more, half fewer. The example game is gmansawesome's (33 OS, 13/10/2026); pick another.

Team trades

IN AT LEAST 30% OF ITS GAMES

You hand over

  • Wind Turbine3 Wind to Airfirst at 1:45 · in 77% of games

You get

  • Finch1 Finch from Airfirst at 2:00 · in 80% of games
  • Lazarus1 Lazarus from Geofirst at 2:13 · in 63% of games
  • Hephaestus1 Heavy transport from Airfirst at 2:16 · in 65% of games
  • Construction Bot1 Con bot from Geofirst at 2:26 · in 70% of games
  • Hercules1 Light transport from Airfirst at 2:34 · in 32% of games
  • Advanced Construction Bot1 T2 con bot from Techfirst at 8:08 · in 89% of games

How it plays out

Typical game of this build, running totals by minute

Metal produced

010k20k30k
0:005:0010:0015:00

metal

Enemy metal destroyed

05k10k
0:005:0010:0015:00

metal

Own metal lost

02.5k5k7.5k
0:005:0010:0015:00

metal

1807 games.

Show as table
ByMetal produced: This buildEnemy metal destroyed: This buildOwn metal lost: This build
1:0040300
2:0093700
3:00155300
4:002539051
5:003717175101
6:005049484279
7:006492975591
8:00807316651000
9:00967926141532
10:001153637242320
11:001368447423102
12:001625058323861
13:001895168794645
14:002168079335680
15:002458688866524
WHAT THE NUMBERS SAY

Standard Beach sea play has the lowest team win rate of these builds and destroys far less enemy metal early than it loses eco time.

  • + Metal produced climbs to 24945 by 15:00, the highest of all six roles.
  • + Riptide and Oppressor together make 63% of army, a focused naval composition.
  • − Enemy metal destroyed is only 200 by 5:00, barely contesting early sea.
  • − T2 factory only reached in 35% of games, behind other roles' T2 timing.
THE EXAMPLE YOU ARE READING

gmansawesome

32.7 OS · 13/10/2026

Open source match ↗

5 received units · includes a constructor
1182 metal received · 45570 energy received

Allied construction assistance is unknown. Timings are observations, not a promise of solo reproducibility.

Typical milestones

Shipyard1:56Middle 50%: 1:43–2:07 · n=1804
Riptide3:50Middle 50%: 3:12–4:34 · n=1761
Oppressor5:15Middle 50%: 4:29–6:07 · n=1740
Advanced Metal Extractor9:59Middle 50%: 9:17–10:54 · n=1528

Played most by

EpicTyrannus120games of this buildDamsko69games of this buildKbot_my_Ahole67games of this buildfanboi64games of this buildSHOGVN64games of this build
Standard beach sea · Cortex Beach sea build order · BAR Build Atlas